AoeStats
← Dani120588

Black Forest

510233204Analyzed
4v4 RM · 2d ago on Sep 30, 2026· 48m 24s· 8 players
Game mode
Random Map
Map size
Large (8 player)
Population
200
Speed
Normal
Resources
Standard
Victory
Conquest
Starting age
Dark Age
Ending age
Imperial Age
RankedLock teamsTeams togetherTeam positionsShared explorationLock speedFull tech treeHidden civsTurbo modeCheats
Victory
Defeat
🇺🇸 Vietnamese · United States
867
+13
🇪🇸 Saxons · Spain
864
+13
🇨🇳 Khmer · China
858
+13
🇨🇳 Goths · China
832
+14
🇨🇴 Huns · Colombia
850
-15
🇺🇸 Bohemians · United States
842
-15
🇨🇷 Romans · Costa Rica
756
-12
🇺🇸 Franks · United States
742
-11
snipejawn07
13:19 Feudal Age
16:29 Double-Bit Axe
22:31 Castle Age
21:12 Scale Barding Armor
21:22 Forging
24:55 Chain Barding Armor
25:12 Iron Casting
26:22 Wheelbarrow
28:04 Hand Cart
28:48 Bow Saw
32:04 Loom
32:49 Caravan
37:45 Man-at-Arms
38:27 Squires
41:55 Imperial Age
40:15 Husbandry
42:36 Chivalry
43:16 Plate Barding Armor
43:43 Blast Furnace
42:06 Cavalier
43:06 Paladin
Dani120588
1:39 Loom
17:08 Feudal Age
20:59 Wheelbarrow
20:30 Stone Mining
20:32 Gold Mining
20:29 Double-Bit Axe
20:27 Horse Collar
20:13 Man-at-Arms
21:25 Town Watch
24:01 Castle Age
23:30 Scale Barding Armor
23:27 Scale Mail Armor
23:38 Forging
23:19 Fletching
25:43 Bow Saw
25:13 Long Swordsman
29:46 Ballistas
33:42 Imperial Age
32:21 Bloodlines
32:11 Husbandry
32:29 Chain Mail Armor
32:59 Squires
33:51 Iron Casting
34:56 Heavy Plow
34:31 Heavy Scorpion
35:37 Ballistics
37:33 Hand Cart
39:07 Chemistry
38:02 Murder Holes
SlayerOfEmoKids
5:38 Loom
13:18 Feudal Age
15:00 Wheelbarrow
20:21 Castle Age
21:05 Double-Bit Axe
21:03 Horse Collar
21:56 Fishing Lines
27:20 Gillnets
27:51 Caravan
28:30 Fervor
29:29 Chemistry
29:04 Bow Saw
33:17 Imperial Age
34:30 Elite Hussite Wagon
35:31 Conscription
35:19 Wagenburg Tactics
35:44 Hand Cart
35:58 Pikeman
36:39 Squires
36:25 Arson
37:14 Scale Mail Armor
37:24 Forging
37:14 Padded Archer Armor
37:05 Fletching
37:30 Houfnice
38:04 Halberdier
38:23 Elite Skirmisher
41:36 Chain Mail Armor
41:56 Iron Casting
41:37 Leather Archer Armor
estebanlozanop
10:55 Feudal Age
18:08 Castle Age
23:11 Horse Collar
30:01 Imperial Age
28:11 Wheelbarrow
28:17 Double-Bit Axe
30:05 Caravan
30:23 Bow Saw
30:40 Scale Barding Armor
31:07 Conscription
30:45 Elite Tarkan
33:00 Two-Man Saw
32:45 Hand Cart
32:18 Loom
32:48 Heavy Plow
33:22 Bloodlines
33:15 Husbandry
33:55 Cavalier
35:45 Chain Barding Armor
35:02 Paladin
42:02 Plate Barding Armor
41:40 Forging
47:36 Iron Casting
Sleep's Vessel
12:12 Feudal Age
10:52 Loom
13:25 Horse Collar
14:23 Gold Mining
17:33 Wheelbarrow
19:52 Castle Age
19:48 Scale Mail Armor
20:12 Double-Bit Axe
22:03 Bow Saw
21:46 Stone Mining
22:32 Gold Shaft Mining
22:22 Horse Collar
27:21 Siphons
27:38 Ballistics
27:13 Fletching
27:42 Chain Mail Armor
27:37 Forging
27:37 Scale Barding Armor
27:38 Squires
28:35 Hand Cart
28:59 Bodkin Arrow
30:33 Guard Tower
33:57 Thumb Ring
39:12 Imperial Age
38:50 Caravan
38:29 Pikeman
38:56 Arson
38:35 Clerical Recruitment
39:03 Town Watch
39:57 Heavy Mounted Crossbowman
39:58 Cranequins
42:18 Elite Varangian Guard
42:44 Elite Hearth Troop
48:12 Shield Wall
dewey manning
10:40 Loom
13:01 Feudal Age
17:32 Castle Age
15:29 Double-Bit Axe
15:56 Horse Collar
16:53 Fletching
17:04 Padded Archer Armor
17:40 Gold Mining
19:13 Bow Saw
19:52 Heavy Plow
20:10 Town Watch
22:08 Stone Mining
22:02 Crossbowman
24:15 Wheelbarrow
25:59 Bodkin Arrow
28:08 Thumb Ring
29:18 Stone Shaft Mining
29:53 Leather Archer Armor
31:30 Hand Cart
31:43 Ballistics
31:31 Caravan
32:39 Town Patrol
32:58 Masonry
32:52 Treadmill Crane
33:08 Murder Holes
35:06 Fortified Wall
37:47 Imperial Age
38:13 Arbalester
38:54 Bracer
39:25 Ring Archer Armor
40:01 Chemistry
40:58 Paper Money
45:54 Hoardings
44:52 Elite Rattan Archer
47:33 Siege Engineers
47:50 Bombard Tower
48:03 Bloodlines
47:53 Husbandry
48:00 Scale Barding Armor
48:05 Forging
48:44 Chatras
電動遊戯
2:02 Loom
10:51 Feudal Age
14:30 Castle Age
12:56 Double-Bit Axe
13:57 Horse Collar
16:37 Bow Saw
17:03 Heavy Plow
18:08 Fervor
28:46 Stone Mining
28:49 Gold Mining
30:36 Stone Shaft Mining
30:37 Gold Shaft Mining
30:09 Caravan
31:13 Fortified Wall
31:23 Ballistics
30:59 Murder Holes
31:14 Masonry
32:22 Wheelbarrow
32:29 Scale Barding Armor
32:14 Fletching
32:34 Forging
32:24 Scale Mail Armor
35:11 Imperial Age
32:46 Town Watch
33:38 Chain Barding Armor
33:50 Coinage
34:21 Bodkin Arrow
35:33 Iron Casting
35:15 Town Patrol
35:30 Hand Cart
35:30 Bloodlines
35:20 Husbandry
36:26 Crop Rotation
36:03 Siege Engineers
36:58 Chemistry
36:29 Architecture
36:29 Conscription
36:21 Elite Ballista Elephant
37:01 Double Crossbow
36:40 Capped Ram
37:33 Double Crossbow
37:12 Light Cavalry
38:32 Plate Barding Armor
37:57 Bracer
39:32 Blast Furnace
38:47 Chain Mail Armor
38:07 Siege Ram
42:11 Pikeman
42:38 Arson
43:45 Banking
44:27 Devotion
44:52 Illumination
44:47 Sanctity
44:38 Redemption
45:04 Theocracy
44:24 Herbal Medicine
45:14 Halberdier
村中一匹狼
Connection lost

Rejoining the realm…

Still unreachable

The connection could not be restored.

Session expired

The server has moved on; the page needs a fresh start.